 Dungeon Crawl Stone Soup version 0.27.1-33-g824d729ab1 (webtiles) character file.

Game seed: 4983088721596608616

1648 zeram the Unseen (level 8, -6/37 HPs)
             Began as a Spriggan Brigand on Dec 23, 2021.
             Was an Initiate of Gozag.
             Killed from afar by Maggie (19 damage)
             ... with a bolt of fire
             ... on level 7 of the Dungeon.
             The game lasted 00:21:07 (9322 turns).

zeram the Unseen (Spriggan Brigand)                 Turns: 9322, Time: 00:21:08

Health: -6/37      AC: 10    Str: 13    XL:     8   Next: 67%
Magic:  9/9        EV: 18    Int: 13    God:    Gozag
Gold:   114        SH:  0    Dex: 16    Spells: 2/7 levels left

rFire    . . .     SeeInvis +   a - +3 dagger
rCold    . . .     Faith    .   (shield restricted)
rNeg     + . .     Spirit   .   l - +2 robe {rN+}
rPois    .         Reflect  .   p - +2 hat
rElec    .         Harm     .   c - +1 cloak
rCorr    +         Rampage  .   (gloves unavailable)
Will     +....                  (boots unavailable)
Stlth    ++++++....             q - amulet of magic regeneration
HPRegen  0.12/turn              j - ring of resist corrosion
MPRegen  0.36/turn              o - +6 ring of strength

@: mesmerised, hasted, very quick
A: very small, no large weapons, unfitting armour, see invisible, speed 3,
iridescent scales 1, dopey 1
a: Renounce Religion, Potion Petition, Call Merchant, Bribe Branch


You were on level 7 of the Dungeon.
You worshipped Gozag.
Gozag was aware of your devotion.
You visited 2 branches of the dungeon, and saw 8 of its levels.

You collected 407 gold pieces.
You spent 182 gold pieces at shops.
You paid 111 gold pieces to Gozag.

Inventory:

Hand Weapons
 a - a +3 dagger (weapon)
Missiles
 d - 34 poisoned darts (quivered)
 e - 5 curare-tipped darts
Armour
 c - a +1 cloak (worn)
 l - a +2 robe of positive energy (worn)
 p - a +2 hat (worn)
Jewellery
 j - a ring of resist corrosion (left hand)
 o - a +6 ring of strength (right hand)
 q - an amulet of magic regeneration (around neck)
Wands
 h - a wand of charming (8)
 k - a wand of paralysis (5)
Scrolls
 f - a scroll of blinking
 m - a scroll of noise
Potions
 b - a potion of cancellation
 g - 3 potions of brilliance
 i - a potion of mutation
 r - a potion of flight {unknown}


   Skills:
 - Level 1.5 Fighting
 - Level 2.1 Short Blades
 - Level 2.0 Throwing
 + Level 4.0 Dodging
 + Level 16.2 Stealth
 * Level 0.4 Spellcasting


You had 2 spell levels left.
You knew the following spells:

 Your Spells              Type           Power      Damage    Failure   Level
a - Blink                 Tloc           N/A        N/A       41%         2
b - Call Canine Familiar  Summ           0%         N/A       65%         3

Your spell library contained the following spells:

 Spells                   Type           Power      Damage    Failure   Level
 Magic Dart               Conj           0%         1d3       30%         1
 Searing Ray              Conj           0%         3d3       41%         2
 Lesser Beckoning         Tloc           0%         N/A       65%         3
 Portal Projectile        Hex/Tloc       0%         N/A       65%         3
 Cause Fear               Hex            0%         N/A       96%         4
 Fulminant Prism          Conj/Hex       0%         3d6       96%         4
 Leda's Liquefaction      Hex/Erth       0%         N/A       96%         4
 Manifold Assault         Tloc           0%         N/A       100%        5
 Dragon Form              Tmut           0%         N/A       100%        7
 Borgnjor's Revivificati  Necr           0%         N/A       100%        8
 Necromutation            Tmut/Necr      0%         N/A       100%        8
 Death's Door             Necr           0%         N/A       100%        9
 Dragon's Call            Summ           0%         N/A       100%        9


Dungeon Overview and Level Annotations

Branches:
Dungeon (7/15)             Temple (1/1) D:4

Altars:
Ashenzari
Elyvilon
Fedhas
Gozag
Hepliaklqana
Kikubaaqudgha
Makhleb
Nemelex Xobeh
Qazlal
Ru
Sif Muna
Trog
Uskayaw
Vehumet
Wu Jian
Xom
Yredelemnul
Zin
The Shining One

Shops:
D:6 [

Annotations:
D:7 Maggie


Innate Abilities, Weirdness & Mutations

You are very small and have problems with some larger weapons.
You are too small for most types of armour.
You have supernaturally acute eyesight. (SInv)
You cover ground extremely quickly. (Speed+++)
You are partially covered in iridescent scales. (AC +2)
You are dopey. (Int -2)


Message History

You start resting.
Maggie is nearby!
Throw: 39 darts (poison)
Press: ? - help, Q - select action, (/) - cycle Shift-Dir - straight line, f - Maggie
Aim: Maggie, wielding a +0 morningstar and wearing +0 acid dragon scales (wandering, hasn't noticed you, 60% to hit)
You throw a poisoned dart. The poisoned dart hits Maggie.
Maggie is poisoned.
Maggie shouts!
Throw: 38 darts (poison)
Press: ? - help, Q - select action, (/) - cycle Shift-Dir - straight line, f/p - Maggie
Aim: Maggie, wielding a +0 morningstar and wearing +0 acid dragon scales (poisoned, 60% to hit)
You throw a poisoned dart. The poisoned dart hits Maggie.
Maggie gestures wildly while chanting.
Maggie attempts to bespell you!
You are mesmerised by Maggie!
Throw: 37 darts (poison)
Press: ? - help, Q - select action, (/) - cycle Shift-Dir - straight line, f/p - Maggie
Aim: Maggie, wielding a +0 morningstar and wearing +0 acid dragon scales (lightly wounded, mesmerising, poisoned, 60% to hit)
You throw a poisoned dart. The poisoned dart hits Maggie.
Maggie looks even sicker.
Maggie is lightly wounded.
Throw: 36 darts (poison)
Press: ? - help, Q - select action, (/) - cycle Shift-Dir - straight line, f/p - Maggie
Aim: Maggie, wielding a +0 morningstar and wearing +0 acid dragon scales (lightly wounded, mesmerising, very poisoned, 60% to hit)
You throw a poisoned dart.
The poisoned dart closely misses Maggie.
Throw: 35 darts (poison)
Press: ? - help, Q - select action, (/) - cycle Shift-Dir - straight line, f/p - Maggie
Aim: Maggie, wielding a +0 morningstar and wearing +0 acid dragon scales (lightly wounded, mesmerising, very poisoned, 60% to hit)
You throw a poisoned dart. The poisoned dart hits Maggie.
Maggie looks even sicker.
Maggie is lightly wounded.
Maggie gestures at you while chanting. The bolt of fire hits you!
You cannot move away from Maggie!
It was a potion of haste.
You feel yourself speed up.
Maggie points at you and mumbles some strange words.
The bolt of fire hits you!!
Ouch! That really hurt!
You die...
Your body crumbles into a pile of gold.

.##.# ####### .##.### #..g..#
###### ......###
#.###.######....# ###.#.#.#
#.#..........##.# ........#
#.#.#.#..##..##.# .#####..#
#.#.#........##.#
........######)#.###..##.###.#
#######.##...#)#.# #.........#
............)...@# #..##.#####
...#####.((@####)###..##.#
...# #....# #......##.# ...#
♣....♣ #.#######.# ...# ♣...♣♣
#.# #.# ...# ♣♣.♣♣ #.# #.#
...# .♣♣ #.# #.# ...# ♣♣ #.#
#.# ...# #.#######.#


You could see Maggie (mesmerising, very poisoned).

Vanquished Creatures
  A sky beast (D:7)
  A black bear (D:6)
  An ice beast (D:5)
  A necrophage (D:6)
  2 ogres
  2 phantoms
  A kobold brigand (D:7)
  3 scorpions
  A wyvern zombie (D:6)
  A jelly (D:5)
  A gnoll shaman (D:7)
  An orc priest (D:5)
  5 iguanas
  Jessica (D:3)
  A centaur skeleton (D:6)
  3 orc wizards
  10 gnolls
  A howler monkey skeleton (D:6)
  5 adders
  3 white imps (D:6)
  2 worms (D:2)
  A dart slug (D:1)
  17 orcs
  3 endoplasms
  5 giant cockroaches
  4 goblins
  13 hobgoblins
  7 jackals
  6 quokkas
  8 ball pythons
  9 bats
  3 frilled lizards
  7 kobolds
  7 rats
137 creatures vanquished.

Notes
Turn   | Place    | Note
-------+----------+-------------------------------------------
     0 | D:1      | zeram the Spriggan Brigand began the quest for the Orb.
     0 | D:1      | Reached XP level 1. HP: 10/10 MP: 2/2
    28 | D:1      | Reached skill level 6 in Stealth
   273 | D:1      | Reached XP level 2. HP: 13/14 MP: 3/3
   487 | D:1      | Reached skill level 7 in Stealth
   643 | D:1      | Reached XP level 3. HP: 12/18 MP: 4/4
  1043 | D:2      | Reached skill level 8 in Stealth
  1501 | D:2      | Reached XP level 4. HP: 22/22 MP: 5/5
  1875 | D:2      | Reached skill level 9 in Stealth
  2630 | D:3      | Noticed Jessica
  2638 | D:3      | Killed Jessica
  2639 | D:3      | Reached XP level 5. HP: 25/25 MP: 6/6
  2767 | D:3      | Reached skill level 10 in Stealth
  2900 | D:3      | Noticed a phantom
  2900 | D:3      | You fall into a shaft and drop 1 floor!
  2918 | D:4      | Noticed a phantom
  2926 | D:4      | Gained mutation: You are dopey. (Int -2) [potion of
                  | mutation]
  2926 | D:4      | Gained mutation: You are partially covered in iridescent
                  | scales. (AC +2) [potion of mutation]
  2933 | D:4      | Killed a phantom
  3253 | D:4      | Found a staircase to the Ecumenical Temple.
  3462 | D:4      | Noticed an ogre
  3518 | D:4      | Killed an ogre
  3519 | D:4      | Reached skill level 11 in Stealth
  3519 | D:4      | Reached XP level 6. HP: 7/30 MP: 7/7
  4270 | D:4      | Reached skill level 12 in Stealth
  4812 | D:4      | Found a basalt altar of Yredelemnul.
  4815 | D:4      | Found a glowing silver altar of Zin.
  4917 | D:5      | Entered Level 5 of the Dungeon
  5148 | D:5      | Reached XP level 7. HP: 33/33 MP: 8/8
  5151 | D:5      | Learned a level 2 spell: Blink
  5155 | D:5      | Learned a level 3 spell: Call Canine Familiar
  5292 | D:5      | Reached skill level 13 in Stealth
  5876 | D:5      | Found an ornate altar of the Wu Jian Council.
  5964 | D:5      | Reached skill level 14 in Stealth
  6609 | D:6      | Reached XP level 8. HP: 37/37 MP: 9/9
  6695 | D:6      | Found Dynaadut's Antique Armour Shoppe.
  6704 | D:6      | Bought an embroidered hat for 182 gold pieces
  6863 | D:6      | HP: 1/37 [wyvern zombie (5)]
  6894 | D:6      | Found an ancient bone altar of Kikubaaqudgha.
  6900 | D:6      | Found a radiant altar of Vehumet.
  7020 | D:6      | Reached skill level 15 in Stealth
  7489 | D:6      | Found a shimmering blue altar of Sif Muna.
  7716 | Temple   | Entered the Ecumenical Temple
  7867 | Temple   | Became a worshipper of Gozag Ym Sagoz the Greedy
  8322 | D:7      | Reached skill level 16 in Stealth
  9111 | D:7      | Noticed Maggie
  9322 | D:7      | Killed from afar by Maggie

Illustrated notes

Levels and vault maps discovered:
D:1:      enne_arrival_octagon_isle, layout_rooms, minmay_heptomino_w4
D:2:      layout_basic, grunt_ministairs_14, minmay_bisected
D:3:      layout_basic, nicolae_overflow_hidden_temple,
          nicolae_dithmenos_through_a_glass_darkly, uniq_jessica
D:4:      layout_loops_ring, minitemple, temple_statues, feat_on_display
D:5:      layout_basic, marbit_many_paths
D:6:      layout_rooms, mainiacjoe_overflow_large_starburst, led_sif_book,
          serial_shops, shop
D:7:      layout_basic, chequers_hall_statues_corner_a,
          hangedman_decor_peaks_small, uniq_crazy_yiuf_cottage, uniq_maggie
Temple:   dshaligram_water_room_temple

Skill      XL: |  1  2  3  4  5  6  7  8 |
---------------+-------------------------+-----
Stealth        | 6 7 8 9 11 12 14 16 | 16.2
Dodging        | 2 4 |  4.0
Fighting       | |  1.5
Short Blades   | |  2.1
Throwing       | |  2.0
Spellcasting   | |  0.4

Action                   |  1- 3 |  4- 6 |  7- 9 || total
-------------------------+-------+-------+-------++-------
Melee: Dagger            |   117 |   205 |   265 ||   587
Throw: Dart              |     9 |    48 |    48 ||   105
  Use: Scroll            |     4 |     1 |     6 ||    11
       Potion            |       |     4 |     6 ||    10
 Stab: Sleeping          |    22 |    14 |    11 ||    47
       Distracted        |       |     1 |     1 ||     2
Armor: Robe              |    11 |    41 |    60 ||   112
Dodge: Dodged            |    73 |   118 |   206 ||   397
